 Seeded DCSS version 0.31-a0-182-gc5ef74bbde (webtiles) character file.

Game seed: 17470652125493844045 (custom seed)

218 innerfire43 the Cudgeller (level 5, 0/41 HPs)
             Began as a Demonspawn Monk on June 20, 2023.
             Slain by Eustachio
             ... wielding a +0 falchion
              (7 damage)
             ... on level 4 of the Dungeon.
             The game lasted 00:03:52 (2884 turns).

innerfire43 the Cudgeller (Demonspawn Monk)         Turns: 2884, Time: 00:03:53

Health: 0/41       AC:  5    Str: 13      XL:     5   Next: 63%
Magic:  5/5        EV: 13    Int: 10      God:
Gold:   266        SH:  0    Dex: 15 (18) Spells: 4/4 levels left

rFire   . . .        p - +4 mace of Ynkeggo {heavy, *Noise Will+ Int+3 Stlth+}
rCold   . . .        d - orb {light}
rNeg    . . .        b - +0 robe
rPois   .            m - +1 helmet of Weirdness {Fly Will+ Int-5 Dex+3}
rElec   .            (no cloak)
rCorr   .            t - +0 pair of gloves
SInv    .            (no boots)
Will    ++...        e - amulet of magic regeneration
Stlth   +            (no ring)
HPRegen 0.26/turn    (no ring)
MPRegen 0.58/turn

%: no passive effects
@: flying, glowing
A: claws 2, magic regeneration
a: no special abilities


You were on level 4 of the Dungeon.
You visited 1 branch of the dungeon, and saw 4 of its levels.

You collected 266 gold pieces.

Inventory:

Hand Weapons
 a - a +0 mace
 p - the +4 mace of Ynkeggo (weapon) {heavy, *Noise Will+ Int+3 Stlth+}
   (You found it on level 3 of the Dungeon)

   Int:       It affects your intelligence (+3).
   *Noise:    It may make noises in combat.
   Will:      It increases your willpower.
   Stlth:     It makes you more stealthy.
Armour
 b - a +0 robe (worn)
 d - an orb of light (worn)
 m - the +1 helmet of Weirdness (worn) {Fly Will+ Int-5 Dex+3}
   (You acquired it on level 4 of the Dungeon)

   Int:       It affects your intelligence (-5).
   Dex:       It affects your dexterity (+3).
   Fly:       It grants you flight.
   Will:      It increases your willpower.
 n - a +0 helmet
 t - a +0 pair of gloves (worn)
Jewellery
 e - an amulet of magic regeneration (around neck)
 g - an amulet of guardian spirit
 q - a ring of see invisible
Scrolls
 h - a scroll of amnesia {unknown}
 i - a scroll of noise {unknown}
 j - 2 scrolls of teleportation {unknown}
 l - 3 scrolls of immolation {unknown}
 s - 3 scrolls of identify
Potions
 f - a potion of curing
 k - a potion of cancellation {unknown}
 o - a potion of might {unknown}
 r - a potion of heal wounds {unknown}


   Skills:
 - Level 3.0 Fighting
 * Level 5.8 Maces & Flails
 * Level 2.7 Dodging


You had 4 spell levels left.
You didn't know any spells.
Your spell library contained the following spells:

 Spells                   Type           Power      Damage    Failure   Level
 Magic Dart               Conj           0%         1d3       36%         1
 Call Imp                 Summ           0%         N/A       50%         2
 Mephitic Cloud           Conj/Pois/Air  0%         N/A       75%         3


Dungeon Overview and Level Annotations

Branches:
Dungeon (4/15)
 Temple: D:4-7

Altars:
Gozag
Trog

Annotations:
D:4 Eustachio


Innate Abilities, Weirdness & Mutations

You have very sharp fingernails.
You regenerate magic rapidly.


Message History

The quasit misses you. The quasit bites you.
* * * LOW HITPOINT WARNING * * *
You feel clumsy.
The quasit claws you but does no damage. x2
The iron imp hits you but does no damage.
The quasit bites you but does no damage.
The quasit barely misses you.
The quasit claws you but does no damage.
Sorry, you're not good enough to have a special ability.
Unknown command.
Sorry, you're not good enough to have a special ability.
You hit the quasit.
The quasit is almost dead.
The white imp summons a swarm of flies.
The quasit bites you but does no damage.
The quasit claws you but does no damage.
The quasit closely misses you.
Eustachio mumbles some strange words.
The iron imp hits you but does no damage.
The quasit bites you but does no damage.
The quasit claws you but does no damage. x2
You hit the quasit.
You kill the quasit!
The quasit disappears in a puff of smoke!
The bat closely misses you. The bat misses you. The iron imp misses you.
The white imp gestures at you. The puff of frost misses you.
The bat barely misses you. The bat closely misses you. The bat misses you.
The iron imp misses you. The bat barely misses you. The white imp misses you.
You hit the white imp.
The white imp is severely wounded.
The bat hits you but does no damage. x2; The bat misses you.
The iron imp hits you.
* * * LOW HITPOINT WARNING * * *
The bat barely misses you. x2; The iron imp hits you.
* * * LOW HITPOINT WARNING * * *
You feel better.
The iron imp disappears in a puff of smoke!
The bat hits you but does no damage. x3; Eustachio hits you with a +0 falchion!
You die...

....
#.####..)#####
.<...##...'......#
..>..#...##......#
....#....#.......#
.........#.......+
###......#.......#
#..##b###......#
..... #...+......#
.#.. #ยง@###...###
##..br5@# #.#+#
#..8..r.# ##
+........#
#..8.....#
#.........
#..8.......#
.........>##


You could see Eustachio, a river rat (summoned), a white imp (summoned), 2 bats
and a rat (summoned).

Vanquished Creatures
  A scorpion (D:4)
  A jelly (D:4)
  A sleepcap (D:4)
  3 adders
  4 dart slugs
  2 ball pythons (D:1)
  2 bats (D:1)
  7 endoplasms
  2 giant cockroaches (D:1)
  11 hobgoblins
  4 quokkas
  3 frilled lizards
  8 goblins
  9 kobolds
  4 rats
62 creatures vanquished.

Notes
Turn   | Place    | Note
-------+----------+-------------------------------------------
     0 | D:1      | innerfire43 the Demonspawn Monk began the quest for the
                  | Orb.
     0 | D:1      | Reached XP level 1. HP: 18/18 MP: 1/1
   101 | D:1      | Reached skill level 3 in Maces & Flails
   114 | D:1      | Gained mutation: You have sharp fingernails. [demonic
                  | ancestry]
   114 | D:1      | Reached XP level 2. HP: 22/24 MP: 2/2
   623 | D:1      | Gained mutation: You regenerate magic rapidly. [demonic
                  | ancestry]
   623 | D:1      | Reached XP level 3. HP: 29/29 MP: 3/3
  1153 | D:2      | Reached skill level 4 in Maces & Flails
  1420 | D:2      | You fall into a shaft and drop 1 floor!
  1435 | D:3      | Identified the +4 mace of Ynkeggo {heavy, *Noise Will+
                  | Int+3 Stlth+}
  1484 | D:3      | Found an opulent altar of Gozag.
  2129 | D:2      | Reached XP level 4. HP: 33/35 MP: 4/4
  2541 | D:4      | Found a bloodstained altar of Trog.
  2551 | D:4      | Reached skill level 5 in Maces & Flails
  2642 | D:4      | Noticed a scorpion
  2647 | D:4      | Killed a scorpion
  2648 | D:4      | Gained mutation: You have very sharp fingernails. [demonic
                  | ancestry]
  2648 | D:4      | Reached XP level 5. HP: 18/41 MP: 5/5
  2829 | D:4      | Identified a scroll of acquirement
  2829 | D:4      | Acquired the +1 helmet of Weirdness {Fly Will+ Int-5 Dex+3}
  2858 | D:4      | Noticed Eustachio
  2883 | D:4      | HP: 2/41 [iron imp[Eustachio] (6)]
  2884 | D:4      | Slain by Eustachio

Illustrated notes

Levels and vault maps discovered:
D:1:      minmay_arrival_four_loops, layout_basic, minmay_three_crescents
D:2:      layout_basic
D:3:      layout_rooms, grunt_gozag_breadcrumbs, minmay_gold_behind_fungi
D:4:      nicolae_cairo_tiling_very_big, layout_loops_corners, zin_statuary,
          trog_hazing_becter, nrook_mini_backslash, solitary_fountain,
          uniq_eustachio, uniq_natasha

Skill      XL: |  1  2  3  4 |
---------------+-------------+-----
Maces & Flails | 3 4 5 |  5.8
Fighting       | |  3.0
Dodging        | |  2.7

Action                     |  1- 3 |  4- 6 || total
---------------------------+-------+-------++-------
  Melee: Mace              |   117 |    44 ||   161
    Use: Scroll            |     2 |     1 ||     3
         Potion            |       |     3 ||     3
   Stab: Sleeping          |       |     1 ||     1
 Armour: Robe              |    15 |    45 ||    60
  Dodge: Dodged            |    73 |    79 ||   152

Table legend: (Time is in decaauts)
 A = Elapsed time spent in this place.
 B = Non-inter-level travel time spent in this place.
 C = Inter-level travel time spent in this place.
 D = Time resting spent in this place.
 E = Time spent auto-exploring this place.
 F = Levels seen in this place.
 G = Mean time per level.
                   A        B        C        D        E       F      G
               +--------+--------+--------+--------+--------+-----+--------+
         Total |   2950 |   2782 |    168 |      0 |   2118 |   4 |  737.5 |
       Dungeon |   2950 |   2782 |    168 |      0 |   2118 |   4 |  737.5 |
               +--------+--------+--------+--------+--------+-----+--------+

Top non-repeatable levels by time:
     D:1: 1149 daAuts
     D:2: 727 daAuts
     D:3: 654 daAuts
     D:4: 420 daAuts
